 Dungeon Crawl Stone Soup version 0.22-a0-148-gf2798f9f4d (webtiles) character file.

22 Chiseanne the Ducker (level 2, 0/16 HPs)
             Began as a Spriggan Fighter on Feb 7, 2018.
             Slain by a worm (7 damage)
             ... on level 2 of the Dungeon.
             The game lasted 00:04:29 (869 turns).

Chiseanne the Ducker (Spriggan Fighter)              Turns: 869, Time: 00:04:30

Health: 0/16       AC:  2    Str: 12    XL:     2   Next: 68%
Magic:  3/3        EV: 19    Int:  9    God:
Gold:   59         SH:  6    Dex: 15    Spells: 1/1 levels left

rFire    . . .     SeeInvis +   a - +1 whip (elec)
rCold    . . .     Gourm    .   c - +0 buckler
rNeg     . . .     Faith    .   b - +0 robe
rPois    .         Spirit   .   (helmet restricted)
rElec    .         Reflect  .   (no cloak)
rCorr    .         Harm     .   (gloves unavailable)
MR       .....                  (boots unavailable)
Stlth    +.........             (no amulet)
HPRegen  0.05/turn              (no ring)
MPRegen  0.08/turn              (no ring)

@: very quick
A: very small, unfitting armour, see invisible, herbivore, speed 3, slow
metabolism 2
a: no special abilities


You were on level 2 of the Dungeon.
You were not hungry.

You visited 1 branch of the dungeon, and saw 2 of its levels.

You collected 59 gold pieces.

Inventory:

Hand Weapons
 a - a +1 whip of electrocution (weapon)
 s - a +0 long sword
Missiles
 k - 41 stones (quivered)
 l - 3 tomahawks
Armour
 b - a +0 robe (worn)
 c - a +0 buckler (worn)
Jewellery
 g - an uncursed ring of flight {unknown}
 i - an uncursed amulet of the gourmand {unknown}
Scrolls
 h - a scroll of teleportation
Potions
 d - a potion of might
 e - a potion of brilliance {unknown}
 m - a potion of degeneration {unknown}
Comestibles
 f - 2 rations


   Skills:
 * Level 2.6 Fighting
 - Level 1.9 Long Blades
 * Level 0.0 Maces & Flails
 * Level 4.8 Dodging
 * Level 2.4 Shields


You had one spell level left.
You didn't know any spells.

Dungeon Overview and Level Annotations

Branches:
Dungeon (2/15)

Altars:


Innate Abilities, Weirdness & Mutations

You are very small and have problems with some larger weapons.
You are too small for most types of armour.
You have supernaturally acute eyesight. (SInv)
You are a herbivore.
You cover ground extremely quickly.
You need consume almost no food.


Message History

Where to? (? - help)
There is a fountain of clear blue water here.
You see here a dagger.
There is a stone staircase leading down here.
You climb downwards.
There is a stone staircase leading up here.
A worm comes into view.
You hit the worm.
The worm is moderately wounded.
The worm bites you!
Ouch! That really hurt!
You hit the worm but do no damage.
The worm is moderately wounded.
The worm barely misses you.
You hit the worm.
The worm is heavily wounded.
You hit the worm.
The worm is severely wounded.
The worm bites you!
You die...

# .# < ...#. #.
...... #. ...##.#
##.#+##......
........##.#
#w.....##.#
#.@....##.#
+......##.###
###......##..<#.#
.................#
##################


You could see a worm.

Vanquished Creatures
  A leopard gecko (D:1)
  A giant cockroach (D:1)
  2 goblins (D:1)
  2 hobgoblins (D:1)
  6 kobolds (D:1)
  A ball python (D:1)
  3 bats (D:1)
  2 frilled lizards (D:1)
  3 rats (D:1)
21 creatures vanquished.

Notes
Turn   | Place    | Note
-------+----------+-------------------------------------------
     0 | D:1      | Chiseanne the Spriggan Fighter began the quest for the Orb.
     0 | D:1      | Reached XP level 1. HP: 11/11 MP: 2/2
   233 | D:1      | Reached XP level 2. HP: 9/16 MP: 3/3
   869 | D:2      | Slain by a worm

Vault maps used:
D:1:      scummos_arrival_simple_fountains, minmay_tromino_i2

Action                   || total
-------------------------++-------
Melee: Long sword        ||    44
       Whip              ||     6
  Use: Scroll            ||     3
 Stab: Sleeping          ||     1
Armor: Robe              ||     2
Dodge: Dodged            ||    37
Block: Buckler           ||    14
       Rpst.: Long sword ||    13

Table legend:
 A = Spawn XP
 B = Non-spawn XP
 C = Spawn XP percentage of total XP
 D = Spawn monster count
 E = Non-spawn monster count
 F = Spawn count percentage of total count
 G = Total turns spent on level
                    A         B        C        D         E        F      G
               +---------+---------+-------+---------+---------+-------+---------
         Total |       0 |      32 |   0.0 |       0 |      21 |   0.0 |   869
               +---------+---------+-------+---------+---------+-------+---------
           D:1 |       0 |      32 |   0.0 |       0 |      21 |   0.0 |   630
               +---------+---------+-------+---------+---------+-------+---------
